AoeStats
← rich_jess

Arena

510279705Analyzed
2v2 RM · 22h ago on Sep 30, 2026· 33m 37s· 4 players
Game mode
Random Map
Map size
Medium (4 player)
Population
200
Speed
Normal
Resources
Standard
Victory
Conquest
Starting age
Dark Age
Ending age
Imperial Age
RankedLock teamsTeams togetherTeam positionsShared explorationLock speedFull tech treeHidden civsTurbo modeCheats
Victory
Defeat
🇮🇳 Vietnamese · India
707
+15
🇮🇳 Japanese · India
697
+15
🇦🇺 Goths · Australia
807
-20
🇦🇺 Portuguese · Australia
552
-10
Sparky
1:30 Loom
12:52 Feudal Age
22:57 Castle Age
26:34 Man-at-Arms
27:00 Gambesons
rich_jess
0:31 Loom
15:16 Feudal Age
17:22 Double-Bit Axe
17:20 Horse Collar
20:21 Gold Mining
20:23 Stone Mining
24:12 Castle Age
21:46 Man-at-Arms
25:10 Scale Mail Armor
26:14 Squires
26:38 Long Swordsman
30:15 Pikeman
32:52 Stone Shaft Mining
32:19 Heavy Plow
Avicii Enjoyer
10:19 Feudal Age
8:35 Loom
11:01 Horse Collar
11:07 Double-Bit Axe
15:49 Forging
15:40 Scale Mail Armor
19:25 Castle Age
18:27 Gold Mining
18:28 Stone Mining
bmo
8:34 Loom
10:37 Feudal Age
11:23 Horse Collar
11:45 Double-Bit Axe
15:42 Wheelbarrow
18:33 Castle Age
21:41 Arson
22:37 Bow Saw
26:13 Forging
25:57 Fletching
27:37 Scale Mail Armor
27:36 Bodkin Arrow
30:35 Padded Archer Armor
Connection lost

Rejoining the realm…

Still unreachable

The connection could not be restored.

Session expired

The server has moved on; the page needs a fresh start.